Map: Blackburn LE

Players

Lambo - Winner!

  • Race: Zerg Zerg

DPGZest (Zest)

  • Race: Protoss Protoss
  • League: Master

VOD

Have the link to the VOD?

Description

Time

  • Played on: Oct. 21, 2021, 8:35 a.m.
  • Length: 12:19
Show
View Real Time Build Order
Export as new Build Order

Lambo Zerg - Winner!

Build Orders: Hatch First 

Get SALT Encoding   

  12  0:00  Drone  
  13  0:13  Overlord  
  13  0:17  Drone  
  14  0:32  Drone x2  
  16  0:38  Drone  
  17  0:52  Hatchery  
  17  0:56  Drone  
  17  0:59  Drone  
  18  1:10  Extractor  
  17  1:14  Spawning Pool  
  17  1:18  Drone  
  17  1:20  Drone  
  18  1:29  Drone  
  19  1:41  Drone  
  20  1:52  Overlord  
  20  2:01  Queen  
  20  2:04  Queen  
  20  2:05  Drone, Zergling x2  
  26  2:12  Metabolic Boost  
  26  2:15  Drone  
  27  2:16  Drone  
  28  2:23  Drone  
  28  2:25  Drone  
  30  2:37  Hatchery  
  29  2:39  Drone  
  30  2:47  Drone  
  30  2:48  Overlord  
  30  2:49  Zergling x2  
  32  2:54  Queen  
  34  2:59  Drone  
  35  3:07  Drone  
  35  3:09  Drone  
  35  3:12  Drone  
  38  3:13  Drone x2, Overlord  
  38  3:19  Drone  
  41  3:21  Overlord  
  41  3:25  Drone  
  42  3:28  Drone  
  42  3:31  Zergling x2  
  42  3:34  Overlord  
  44  3:39  Queen  
  46  3:42  Drone  
  46  3:46  Drone x4  
  46  3:48  Queen  
  53  3:53  Queen  
  55  3:55  Spore Crawler  
  55  3:56  Drone  
  55  3:57  Drone  
  55  4:02  Overlord  
  56  4:04  Drone x2  
  56  4:08  Drone x3  
  60  4:15  Evolution Chamber  
  60  4:16  Extractor  
  57  4:17  Drone x2, Spore Crawler  
  57  4:19  Drone x2  
  57  4:23  Drone x4  
  66  4:29  Roach Warren  
  65  4:31  Lair  
  65  4:33  Drone  
  65  4:36  Drone x2  
  68  4:40  Extractor x2  
  68  4:41  Queen  
  68  4:44  Drone x2  
  70  4:46  Drone  
  70  4:47  Drone x2  
  73  4:56  Spore Crawler  
  73  4:57  Spore Crawler, Extractor  
  73  4:58  Drone  
  73  4:59  Evolution Chamber  
  71  5:04  Drone x3, Extractor  
  71  5:05  Extractor  
  72  5:07  Drone x2  
  72  5:13  Overlord  
  73  5:22  Queen  
  73  5:24  Hatchery  
  73  5:25  Drone  
  73  5:29  Zerg Missile Weapons Level 1  
  73  5:31  Overlord  
  73  5:33  Drone x7  
  73  5:34  Drone  
  81  5:38  Glial Reconstitution  
  81  5:48  Overlord  
  81  5:49  Queen  
  83  5:52  Spire, Overlord  
  83  5:55  Queen  
  84  5:58  Drone x2  
  84  5:59  Drone  
  84  6:01  Drone  
  84  6:02  Drone  
  89  6:14  Drone x2  
  91  6:25  Queen x2  
  91  6:31  Queen, Overlord x2  
  95  6:40  Queen  
  95  6:45  Roach x7  
  110  6:55  Roach x7  
  110  6:56  Roach  
  126  7:02  Overlord x2  
  126  7:03  Overlord  
  126  7:05  Overlord  
  126  7:11  Overlord  
  126  7:15  Overlord  
  125  7:17  Overlord  
  125  7:18  Overlord  
  125  7:19  Overlord  
  125  7:21  Queen, Overlord  
  126  7:24  Roach x2  
  126  7:27  Roach x3  
  136  7:33  Roach x3  
  136  7:34  Ravager x7  
  136  7:35  Ravager x2  
  136  7:36  Ravager x2  
  154  7:37  Ravager  
  154  7:43  Spore Crawler  
  153  7:45  Ravager x4  
  153  7:46  Roach x3  
  153  7:48  Roach  
  153  7:50  Roach x2  
  167  7:54  Roach x2  
  167  7:57  Roach x2  
  175  8:03  Roach x4  
  175  8:04  Overseer  
  183  8:06  Ravager x2  
  183  8:10  Roach x2  
  189  8:13  Roach x2  
  189  8:17  Roach x3  
  196  8:28  Roach x4  
  190  8:34  Roach x5  
  190  8:38  Ravager x2  
  190  8:39  Queen  
  195  8:45  Drone x7  
  195  8:46  Drone  
  197  8:53  Roach  
  197  8:54  Roach x2  
  198  8:58  Roach x3  
  200  9:04  Ravager x2  
  196  9:18  Drone x4  
  196  9:20  Extractor  
  196  9:21  Extractor  
  196  9:23  Infestation Pit  
  194  9:26  Queen x2  
  194  9:28  Zerg Missile Weapons Level 2, Zerg Flyer Armor Level 1  
  182  9:49  Queen x2, Hatchery  
  171  9:59  Drone x3  
  148  10:09  Roach x4  
  153  10:20  Hive  
  149  10:22  Corruptor x9  
  149  10:27  Corruptor  
  161  10:35  Corruptor x2  
  163  10:43  Corruptor x2  
  157  10:50  Corruptor  
  157  10:59  Corruptor x2  
  157  11:01  Queen x2  
  157  11:03  Queen x2  
  170  11:04  Drone x2  
  167  11:12  Roach x5  
  167  11:17  Corruptor  
  179  11:20  Roach  
  179  11:21  Roach x2  
  179  11:29  Corruptor x3  
  168  11:34  Corruptor  
  168  11:39  Corruptor  
  162  11:40  Corruptor  
  164  11:48  Corruptor x2  
  164  12:03  Drone x3  
Show
View Real Time Build Order
Export as new Build Order

DPGZest Protoss 

Build Orders: 1 Gate Expand, Oracle Opening 

Get SALT Encoding   

  12  0:00  Probe  
  13  0:12  Probe  
  14  0:20  Pylon  
  14  0:24  Probe  
  15  0:38  Probe (Chrono Boost)  
  15  0:40  Gateway  
  16  0:47  Probe (Chrono Boost)  
  17  0:50  Assimilator  
  17  0:52  Probe (Chrono Boost)  
  19  1:04  Probe  
  19  1:16  Probe  
  20  1:27  Nexus  
  20  1:37  Cybernetics Core  
  20  1:41  Probe  
  21  1:48  Assimilator  
  21  1:53  Probe  
  22  1:56  Pylon  
  22  2:05  Probe (Chrono Boost)  
  23  2:14  Adept  
  26  2:16  Probe (Chrono Boost)  
  26  2:20  Stargate  
  26  2:21  Probe (Chrono Boost)  
  26  2:26  Warp Gate  
  27  2:33  Probe (Chrono Boost)  
  28  2:39  Probe (Chrono Boost)  
  30  2:44  Adept  
  30  2:48  Probe (Chrono Boost)  
  30  2:49  Probe (Chrono Boost)  
  33  2:53  Probe (Chrono Boost)  
  33  2:54  Void Ray (Chrono Boost)  
  33  2:56  Probe  
  35  3:05  Probe  
  40  3:08  Probe  
  40  3:10  Pylon  
  41  3:17  Gateway  
  41  3:19  Probe  
  42  3:21  Probe  
  43  3:27  Oracle (Chrono Boost)  
  43  3:31  Probe  
  43  3:33  Probe  
  48  3:43  Probe  
  48  3:45  Probe  
  50  3:51  Nexus  
  50  3:55  Pylon  
  50  3:57  Probe  
  50  3:59  Probe  
  50  4:01  Assimilator  
  52  4:05  Assimilator  
  52  4:09  Probe  
  53  4:12  Probe  
  54  4:21  Stargate, Probe  
  54  4:22  Protoss Air Weapons Level 1  
  55  4:24  Probe  
  55  4:29  Void Ray  
  56  4:31  Pylon  
  56  4:33  Probe  
  56  4:36  Probe  
  62  4:39  Forge  
  62  4:49  Probe x2  
  64  4:53  Shield Battery  
  64  4:55  Pylon  
  64  4:58  Void Ray (Chrono Boost)  
  64  5:02  Probe x2 (Chrono Boost)  
  64  5:03  Probe (Chrono Boost)  
  71  5:08  Void Ray (Chrono Boost)  
  71  5:12  Probe x3 (Chrono Boost)  
  74  5:14  Photon Cannon  
  74  5:17  Probe x2 (Chrono Boost)  
  74  5:19  Probe  
  81  5:21  Pylon  
  81  5:25  Assimilator  
  81  5:28  Probe, Assimilator  
  81  5:29  Probe  
  81  5:31  Probe  
  81  5:32  Pylon  
  81  5:35  Void Ray (Chrono Boost)  
  88  5:43  Void Ray (Chrono Boost)  
  88  5:47  Probe  
  88  5:49  Probe  
  94  5:53  Robotics Facility  
  94  5:55  Pylon, Gateway  
  94  5:56  Pylon  
  94  6:02  Probe x2  
  94  6:03  Probe  
  97  6:16  Stargate, Fleet Beacon  
  97  6:17  Probe x2  
  99  6:24  Adept  
  99  6:25  Adept  
  103  6:45  Nexus  
  103  6:47  Probe x2, Pylon  
  103  6:48  Pylon  
  103  6:50  Observer  
  106  6:55  Carrier (Chrono Boost)  
  124  7:04  Carrier (Chrono Boost)  
  124  7:05  Pylon, Carrier (Chrono Boost)  
  124  7:07  Photon Cannon  
  124  7:09  Pylon  
  124  7:14  Probe  
  124  7:15  Probe  
  126  7:16  Observer  
  127  7:23  Probe  
  127  7:25  Flux Vanes  
  127  7:26  Probe, Photon Cannon  
  129  7:30  Gateway x2  
  129  7:35  Protoss Ground Weapons Level 1  
  129  7:39  Twilight Council  
  129  7:40  Robotics Bay  
  129  7:46  Gateway x2  
  129  7:49  Gateway  
  129  7:50  Gateway  
  129  7:52  Protoss Air Weapons Level 2 (Chrono Boost)  
  129  7:58  Void Ray (Chrono Boost), Assimilator  
  129  8:03  Assimilator  
  135  8:08  Void Ray (Chrono Boost)  
  135  8:11  Void Ray (Chrono Boost)  
  141  8:20  Shield Battery, Photon Cannon  
  141  8:28  Disruptor (Chrono Boost)  
  141  8:33  Void Ray  
  143  8:38  Void Ray  
  147  8:47  Stalker x2, Zealot x5  
  161  8:59  Disruptor  
  158  9:07  Zealot  
  149  9:13  Void Ray  
  135  9:21  Charge (Chrono Boost)  
  123  9:36  Disruptor  
  119  9:44  Zealot x5  
  127  9:56  Void Ray x2 (Chrono Boost)  
  105  10:14  Disruptor  
  92  10:26  Void Ray (Chrono Boost)  
  92  10:28  Observer  
  90  10:30  Zealot x6  
  106  10:58  Pylon  
  106  10:59  Pylon  
  106  11:04  Pylon  
  106  11:06  Pylon  
  106  11:15  Void Ray (Chrono Boost)  
  106  11:23  Void Ray (Chrono Boost)  
  106  11:24  Void Ray (Chrono Boost)  
Tags
 
Add a new tag
Caveats
  • Supply blocks, unpowered buildings, or Contaminate may cause inaccurate times.
  • Supply counts are checked every 10 seconds.